 Dungeon Crawl Stone Soup version 0.27-a0-1140-g099f9bb0e8 (webtiles) character file.

Game seed: 7484820897296758210

45 Zeld the Skirmisher (level 3, -1/27 HPs)
             Began as an Octopode Fighter on May 9, 2021.
             Succumbed to Terence's poison
             ... on level 2 of the Dungeon.
             The game lasted 00:01:28 (1462 turns).

Zeld the Skirmisher (Octopode Fighter)              Turns: 1462, Time: 00:01:29

Health: -1/27      AC:  1    Str: 16    XL:     3   Next: 64%
Magic:  3/3        EV: 13    Int: 10    God:
Gold:   49         SH:  0    Dex: 11    Spells: 2/2 levels left

rFire    . . .     SeeInvis .   a - +0 war axe
rCold    . . .     Faith    .   (no shield)
rNeg     . . .     Spirit   .   (helmet restricted)
rPois    .         Reflect  .   (no amulet)
rElec    .         Harm     .   (no ring)
rCorr    .         Rampage  .   (no ring)
Will     .....                  (no ring)
Stlth    ++........             (no ring)
HPRegen  0.09/turn              (no ring)
MPRegen  0.08/turn              (no ring)
                                (no ring)
                                (no ring)

@: brilliant, lethally poisoned (-1 -> -27)
A: almost no armour, amphibious, 8 rings, camouflage 1, gelatinous body 1,
(nimble swimmer 1), tentacles
a: no special abilities


You were on level 2 of the Dungeon.
You visited 1 branch of the dungeon, and saw 2 of its levels.

You collected 49 gold pieces.

Inventory:

Hand Weapons
 a - a +0 war axe (weapon)
Scrolls
 b - a scroll of amnesia {unknown}
 e - a scroll of identify {unknown}
 f - a scroll of teleportation {unknown}
Potions
 c - a potion of might


   Skills:
 * Level 3.8 Fighting
 * Level 3.1 Axes
 - Level 3.0 Dodging
 - Level 3.0 Shields


You had 2 spell levels left.
You didn't know any spells.
Your spell library was empty.

Dungeon Overview and Level Annotations

Branches:
Dungeon (2/15)

Altars:

Annotations:
D:2 Terence


Innate Abilities, Weirdness & Mutations

You cannot wear most types of armour.
You are amphibious.
You can wear up to eight rings at the same time.
Your skin changes colour to match your surroundings (Stealth+).
Your rubbery body absorbs attacks. (AC +1, EV +1)
((You are camouflaged near water. (Stealth+)))
You have tentacles for arms and can constrict up to eight enemies at once.


Message History

No target in view!
You see here a +0 dagger of venom.
You see here a +0 dagger of venom.
You see here a rat corpse.
Things that are here:
a +0 dagger; a goblin corpse You see here a hobgoblin corpse.
You see here a hobgoblin corpse.
You see here 16 stones.
Done exploring.
No target in view!
No target in view!
No target in view!
Done exploring.
There is a stone staircase leading down here.
You climb downwards.
There is a stone staircase leading up here.
There is a shaft here.
Found 20 sling bullets.
Terence the Incautious comes into view.
He is wielding a +2 short sword of venom.
Terence is nearby!
Terence shouts!
Found a mace.
Found a tubular granite ring.
Okay, then.
You slash Terence! You grab Terence.
Terence is heavily wounded.
You constrict Terence, but do no damage.
Terence looks scornfully at you.
Terence hits you with a +2 short sword of venom!
You are poisoned.
Terence hits you with a +2 short sword of venom!
You are more poisoned.
You release your grip on Terence.
* * * LOW HITPOINT WARNING * * *
You feel extremely sick.
Unknown command.
It was a potion of brilliance.
You feel clever all of a sudden.
You die...

#(.....#......###
#####..#.......##
#+#....#.#........#
...##.#.#.##.#####
....#.#.#......#
..#.#.#.####.#.#
#...........#.####
#.##.#.######....#
#....@.# ####.#
#.##@### #######.#
...$....# #......<#
........# #.#######
........# ........#
........# ....)...#
.=......#


You could see Terence.

Vanquished Creatures
  A gnoll (D:1)
  2 dart slugs (D:1)
  3 ball pythons (D:1)
  An endoplasm (D:1)
  5 goblins (D:1)
  6 hobgoblins (D:1)
  3 jackals (D:1)
  3 kobolds (D:1)
  6 rats (D:1)
30 creatures vanquished.

Notes
Turn   | Place    | Note
-------+----------+-------------------------------------------
     0 | D:1      | Zeld the Octopode Fighter began the quest for the Orb.
     0 | D:1      | Reached XP level 1. HP: 16/16 MP: 1/1
   516 | D:1      | Reached XP level 2. HP: 7/21 MP: 2/2
   856 | D:1      | Reached XP level 3. HP: 18/26 MP: 3/3
  1454 | D:2      | Noticed Terence
  1462 | D:2      | Succumbed to Terence's poison

Illustrated notes

Levels and vault maps discovered:
D:1:      psy_arrival_heroes, layout_rooms, minmay_vboxes
D:2:      layout_basic, amcnicky_mini_corridor_feature, uniq_terence

Skill      XL: |  1  2  3 |
---------------+----------+-----
Axes           | 3 |  3.1
Fighting       | |  3.8
Dodging        | |  3.0
Shields        | |  3.0

Action                   || total
-------------------------++-------
Melee: War axe           ||    48
       Constrict         ||    17
       Tentacles         ||     8
  Use: Potion            ||     1
Armor: Skin              ||     2
Dodge: Dodged            ||    24

Table legend: (Time is in decaauts)
 A = Elapsed time spent in this place.
 B = Non-inter-level travel time spent in this place.
 C = Inter-level travel time spent in this place.
 D = Time resting spent in this place.
 E = Time spent auto-exploring this place.
 F = Levels seen in this place.
 G = Mean time per level.
                   A        B        C        D        E       F      G
               +--------+--------+--------+--------+--------+-----+--------+
         Total |   1479 |   1462 |     17 |    376 |    897 |   2 |  739.5 |
       Dungeon |   1479 |   1462 |     17 |    376 |    897 |   2 |  739.5 |
               +--------+--------+--------+--------+--------+-----+--------+

Top non-repeatable levels by time:
     D:1: 1408 daAuts
     D:2: 71 daAuts
